 Dungeon Crawl Stone Soup version 0.13-a0-3016-gcb2faac (webtiles) character file.

108 4tharraofdagon the Digger (level 3, -1/31 HPs)
             Began as a Troll Earth Elementalist on Sept 12, 2013.
             Slain by an ogre
             ... wielding a +0,+0 giant spiked club
              (32 damage)
             ... on Level 4 of the Dungeon.
             The game lasted 00:02:48 (706 turns).

4tharraofdagon the Digger (Troll Earth Elementalist) Turns: 706, Time: 00:02:49

HP  -1/31        AC  5     Str 17      XL: 3   Next:  3%
MP   0/4         EV  9     Int 11      God:
Gold 78          SH  0     Dex 10      Spells:  1 memorised,  3 levels left

Res.Fire  : . . .   See Invis. : .   b - 40 stones
Res.Cold  : . . .   Warding    : .   c - +0 robe
Life Prot.: . . .   Conserve   : .   (shield restricted)
Res.Poison: .       Res.Corr.  : .   (helmet restricted)
Res.Elec. : .       Clarity    : .   (no cloak)
Sust.Abil.: . .     Spirit.Shd : .   (gloves unavailable)
Res.Mut.  : .       Stasis     : .   (boots unavailable)
Res.Rott. : .       Flight     : .   (no amulet)
Gourmand  : +                        (no ring)
                                     (no ring)

@: not resistant to hostile enchantments, unstealthy
A: unfitting armour, claws 3, fast metabolism 3, gourmand, regeneration 2,
saprovore 2, tough skin 2, AC +1
a: no special abilities


You were on level 4 of the Dungeon.
You were full.

You visited 1 branch of the dungeon, and saw 4 of its levels.

You collected 58 gold pieces.

Inventory:

Missiles
 b - 40 stones (in claw)
Armour
 c - a +0 robe (worn)
Magical devices
 n - a wand of slowing (2)
Comestibles
 a - 3 meat rations
 h - 3 bread rations
 k - a rambutan
 o - a banana
Scrolls
 e - 4 scrolls of identify {unknown}
 f - 2 scrolls of curse jewellery {unknown}
 g - a scroll of teleportation {unknown}
 l - 2 scrolls of remove curse {unknown}
 m - a scroll of enchant armour {unknown}
 p - a scroll of amnesia {unknown}
 q - a scroll of random uselessness {unknown}
 r - a scroll of blinking {unknown}
Potions
 i - a potion of paralysis {unknown}
 j - a potion of confusion {unknown}
Books
 d - a book of Geomancy

   Spells                             Type                      Level
   *Sandblast                         Earth                        1
   Stoneskin                          Transmutation/Earth          2
   Passwall                           Transmutation/Earth          3
   Stone Arrow                        Conjuration/Earth            3
   Petrify                            Transmutation/Earth          4
   Lee's Rapid Deconstruction         Earth                        5


   Skills:
 + Level 1.0 Fighting
 - Level 1.5 Dodging
 - Level 1.1 Stealth
 * Level 1.3 Unarmed Combat
 + Level 1.2 Spellcasting
   Level 0.6 Transmutations
 + Level 2.9 Earth Magic


You had 3 spell levels left.
You knew the following spells:

 Your Spells              Type           Power        Failure   Level  Hunger
a - Sandblast             Erth           #.....       12%         1    ##.....


Dungeon Overview and Level Annotations

Branches:
Dungeon (4/27)
 Temple: D:4-7

Altars:
Xom


Innate Abilities, Weirdness & Mutations

You are too large for most types of armour.
You have claws for hands.
Your metabolism is lightning-fast.
You like to eat raw meat.
You heal very quickly.
You can eat rotten meat.
You are covered in fur (AC +1).
You have very tough skin (AC +2).


Message History

Aim: an ogre, wielding a giant spiked club (lightly wounded, moving slowly)
The rocky blast hits the ogre.
The ogre is moderately wounded.
Casting: Sandblast
Confirm with . or Enter, or press ? or * to list all spells.
Aiming: Sandblast
Press: ? - help, Shift-Dir - straight line, f/p - ogre
Aim: an ogre, wielding a giant spiked club (moderately wounded, moving slowly)
The rocky blast hits the ogre.
The ogre is heavily wounded.
Casting: Sandblast
Confirm with . or Enter, or press ? or * to list all spells.
Aiming: Sandblast
Press: ? - help, Shift-Dir - straight line, f/p - ogre
Aim: an ogre, wielding a giant spiked club (heavily wounded, moving slowly)
The rocky blast hits the ogre.
The ogre is heavily wounded.
The ogre hits you with a giant spiked club!
Ouch! That really hurt!
You die...

####### #.....#
#..<..# #.....#
#.....#.
#...@.#...#
#...O.#...#
#.....#...#
#.....#...#
#.....#...#
#.....#...#
#.....#...####.
#..........O...
#.....(.....l..


You could see an ogre.

Vanquished Creatures
  3 giant geckos (D:2)
  An orc (D:3)
  3 bats
  2 giant cockroaches (D:1)
  A hobgoblin (D:2)
  3 jackals (D:2)
  A quokka (D:2)
  A giant newt (D:1)
  3 goblins
  4 kobolds
  4 rats
26 creatures vanquished.

Notes
Turn   | Place    | Note
--------------------------------------------------------------
     0 | D:1      | 4tharraofdagon, the Troll Earth Elementalist, began the quest for the Orb.
     0 | D:1      | Reached XP level 1. HP: 16/16 MP: 3/3
   125 | D:1      | Reached XP level 2. HP: 24/24 MP: 3/3
   366 | D:2      | Found a shimmering altar of Xom.
   448 | D:2      | Reached skill level 1 in Unarmed Combat
   496 | D:2      | Reached skill level 1 in Fighting
   617 | D:3      | Reached XP level 3. HP: 23/31 MP: 4/4
   690 | D:4      | Noticed an ogre
   706 | D:4      | Slain by an ogre

Action                   || total
-------------------------++-------
Melee: Unarmed           ||    83
 Cast: Sandblast         ||     4
Evoke: Wand              ||     3
